 Dungeon Crawl Stone Soup version 0.28-a0-2-g643f2454ad (webtiles) character file.

Game seed: 12504075524016077325

6537 zero the Destroyer (level 11, -6/64 HPs)
             Began as a Gargoyle Conjurer on July 22, 2021.
             Was a Follower of Vehumet.
             Killed from afar by a steam dragon (15 damage)
             ... with a ball of steam
             ... on level 8 of the Dungeon.
             The game lasted 00:11:41 (11751 turns).

zero the Destroyer (Gargoyle Conjurer)             Turns: 11751, Time: 00:11:42

Health: -6/64      AC: 12    Str: 11    XL:     11   Next: 1%
Magic:  22/36      EV: 12    Int: 22    God:    Vehumet [*.....]
Gold:   85         SH:  6    Dex:  8    Spells: 13/20 levels left

rFire   . . .      SeeInvis .   r - +2 trident (vamp)
rCold   . . .      Faith    .   B - +1 buckler {reflect}
rNeg    + . .      Spirit   .   a - +0 robe
rPois   ∞          Reflect  +   i - +0 helmet
rElec   +          Harm     .   (no cloak)
rCorr   .          Rampage  .   (no gloves)
Will    .....                   L - +0 pair of boots
Stlth   ++........              K - amulet of the acrobat
HPRegen 0.20/turn               c - ring of magical power
MPRegen 0.25/turn               C - ring of magical power

@: no status effects
A: sickness immunity, AC +8, negative energy resistance 1, electricity
resistance, torment resistance 1, petrification resistance
a: Renounce Religion


You were on level 8 of the Dungeon.
You worshipped Vehumet.
Vehumet was aware of your devotion.
You visited 2 branches of the dungeon, and saw 11 of its levels.
You visited the Abyss 1 time.

You collected 685 gold pieces.
You spent 600 gold pieces at shops.

Inventory:

Hand Weapons
 k - a +2 dagger of venom
 r - a +2 vampiric trident (weapon)
Missiles
 m - 10 atropa-tipped darts
 x - a throwing net
Armour
 a - a +0 robe (worn)
 i - a +0 helmet (worn)
 B - a +1 buckler of reflection (worn)
 L - a +0 pair of boots (worn)
Jewellery
 c - a ring of magical power (left hand)
 q - a ring of wizardry
 C - a ring of magical power (right hand)
 H - a ring of wizardry
 I - a ring of flight
 K - an amulet of the acrobat (around neck)
 M - a +6 ring of strength
Wands
 j - a wand of flame (71)
 w - a wand of digging (7)
 G - a wand of iceblast (18)
 J - a wand of acid (6)
Scrolls
 f - 9 scrolls of identify {unknown}
 g - 3 scrolls of enchant weapon {unknown}
 h - a scroll of amnesia {unknown}
 l - 4 scrolls of teleportation {unknown}
 o - a scroll of magic mapping {unknown}
 p - 2 scrolls of enchant armour {unknown}
 s - a scroll of fear {unknown}
 y - a scroll of blinking {unknown}
 A - a scroll of vulnerability {unknown}
 F - 2 scrolls of noise {unknown}
 N - a scroll of immolation {unknown}
Potions
 b - 4 potions of degeneration {unknown}
 d - 3 potions of curing {unknown}
 e - 4 potions of flight {unknown}
 n - 4 potions of attraction {unknown}
 t - 2 potions of cancellation {unknown}
 u - 2 potions of haste {unknown}
 v - 2 potions of brilliance {unknown}
 z - a potion of might {unknown}
 D - a potion of mutation {unknown}
 E - 2 potions of lignification {unknown}


   Skills:
 + Level 5.2 Fighting
 + Level 3.3 Armour
 - Level 2.0 Dodging
 - Level 5.0 Stealth
 - Level 7.0 Shields
 + Level 5.1 Spellcasting
 + Level 12.0 Conjurations
 + Level 4.2 Translocations
 - Level 3.0 Evocations


You had 13 spell levels left.
You knew the following spells:

 Your Spells              Type           Power      Damage    Failure   Level
a - Magic Dart            Conj           100%       1d8       1%          1
b - Searing Ray           Conj           100%       3d7       1%          2
c - Iskenderun's Mystic   Conj/Tloc      41%        2d9       3%          4

Your spell library contained the following spells:

 Spells                   Type           Power      Damage    Failure   Level
 Freeze                   Ice            20%        1d4       10%         1
 Foxfire                  Conj/Fire      100%       2x1d9     1%          1
 Conjure Flame            Conj/Fire      32%        6-21      2%          3
 Dazzling Flash           Conj/Hex       64%        N/A       2%          3
 Fulminant Prism          Conj/Hex       16%        3d11      9%          4
 Animate Skeleton         Necr           10%        N/A       10%         1
 Pain                     Necr           20%        1d5       10%         1
 Summon Small Mammal      Summ           20%        N/A       10%         1
 Call Canine Familiar     Summ           5%         N/A       30%         3
 Inner Flame              Hex/Fire       5%         N/A       30%         3
 Ozocubu's Armour         Ice            5%         N/A       30%         3
 Summon Guardian Golem    Hex/Summ       5%         N/A       30%         3
 Vampiric Draining        Necr           2%         2d6       30%         3
 Orb of Destruction       Conj           28%        9d11      52%         7
 Metabolic Englaciation   Hex/Ice        2%         N/A       95%         5
 Simulacrum               Ice/Necr       2%         N/A       100%        6
 Spellforged Servitor     Conj/Summ      16%        N/A       100%        7


Dungeon Overview and Level Annotations

Branches:
Dungeon (10/15)            Temple (1/1) D:7            Lair (0/6) D:9
    Orc: D:9-12

Altars:
Ashenzari
Cheibriados
Dithmenos
Fedhas
Gozag
Kikubaaqudgha
Okawaru
Sif Muna
Uskayaw
Vehumet
Yredelemnul
The Shining One

Shops:
D:1 =   D:7 =

Annotations:
D:3 3 runed translucent doors, p0werm0de's ghost, amateur GrFi
D:10 Harold


Innate Abilities, Weirdness & Mutations

You are immune to sickness and miasma.
Your stone body is resilient. (AC +8)
You are immune to poison.
You resist negative energy. (rN+)
You are resistant to electric shocks. (rElec)
You are resistant to unholy torment.
You are immune to petrification.


Message History

Confirm with . or Enter, or press ? or * to list all spells.
Aiming: Searing Ray (safe; 1% risk of failure)
Press: ? - help, Shift-Dir - straight line, f/p - steam dragon
Aim: a steam dragon (heavily wounded, 83% to hit)
The searing ray hits the steam dragon!
The steam dragon is almost dead. (Press . to maintain the ray.)
The steam dragon bites you!
* * * LOW HITPOINT WARNING * * *
The steam dragon claws you.
* * * LOW HITPOINT WARNING * * *
Casting: Searing Ray (safe; 1% risk of failure)
Confirm with . or Enter, or press ? or * to list all spells.
Aiming: Searing Ray (safe; 1% risk of failure)
Press: ? - help, Shift-Dir - straight line, f - steam dragon, p - steam dragon
Aim: a steam dragon (83% to hit)
The searing ray hits the steam dragon!
You kill the steam dragon!
Vehumet accepts your kill.
The searing ray hits the steam dragon!
The steam dragon is moderately wounded. (Press . to maintain the ray.)
The steam dragon breathes steam at you. The ball of steam misses you.
You have reached level 11!
Casting: Searing Ray (safe; 1% risk of failure)
Confirm with . or Enter, or press ? or * to list all spells.
Aiming: Searing Ray (safe; 1% risk of failure)
Press: ? - help, Shift-Dir - straight line, f/p - steam dragon
Aim: a steam dragon (moderately wounded, 83% to hit)
The searing ray hits the steam dragon!
The steam dragon is severely wounded. (Press . to maintain the ray.)
Casting: Searing Ray (safe; 1% risk of failure)
Confirm with . or Enter, or press ? or * to list all spells.
You erupt in a blast of force!
The mystic blast hits the steam dragon.
The steam dragon is almost dead.
The steam dragon breathes steam at you. The ball of steam hits you!
You die...

#####.# ##.##.#
...)..# #.##.#
####### #.##.#
#######.##.#
........##.#
###.###.##.#
#.###†#..#
#.##.....#
#.D@.....####
#.##........#
#.#####.###.#
.#######§# #.#
#.#
.....$...#####.#
#.#
.......§§...##.#
#.#
.###.######$##.#
#.# .. #.##.#
#.# ## #.##.#
#.#


You could see a steam dragon (catching breath).

Vanquished Creatures
  Erolcha (D:10)
  Joseph (D:9)
  An unseen horror (D:7)
  A komodo dragon (D:9)
  2 kobold demonologists (D:9)
  A troll (D:9)
  A vampire (D:9)
  A wyvern (D:9)
  A steam dragon (D:8)
  Eustachio (D:4)
  A warg (D:9)
  An acid dragon (D:8)
  2 orc warriors
  A sky beast (D:7)
  2 black bears
  An ice beast (D:6)
  2 necrophages
  4 centaurs
  3 ogres
  A phantom (D:5)
  2 kobold brigands (D:9)
  2 bullfrogs (D:8)
  6 scorpions
  2 water moccasin skeletons (D:4)
  9 killer bees (D:10)
  A centaur zombie (D:7)
  3 hounds
  A jelly (D:6)
  4 orc priests
  3 bullfrog skeletons
  2 iguanas
  A scorpion zombie (D:5)
  2 orc wizards
  Natasha (thrice) (D:2)
  2 killer bee zombies
  A hound skeleton (D:5)
  4 howler monkey zombies
  Robin (D:2)
  10 gnolls
  2 howler monkey skeletons
  8 adders
  A shadow imp (D:5)
  A white imp (D:5)
  An adder zombie (D:3)
  An adder skeleton (D:3)
  A worm (D:3)
  2 dart slugs
  26 orcs
  7 ball pythons
  8 endoplasms
  4 giant cockroaches
  16 goblins
  9 hobgoblins
  8 jackals
  4 quokkas
  A ball python zombie (D:3)
  2 bats
  4 frilled lizards
  12 kobolds
  A quokka skeleton (D:3)
  6 rats
213 creatures vanquished.

Vanquished Creatures (others)
  18 fungi
  8 plants (D:9)
  3 toadstools (D:2)
  A withered plant (D:3)
30 creatures vanquished.

Grand Total: 243 creatures vanquished

Notes
Turn   | Place    | Note
-------+----------+-------------------------------------------
     0 | D:1      | zero the Gargoyle Conjurer began the quest for the Orb.
     0 | D:1      | Reached XP level 1. HP: 10/10 MP: 3/3
    46 | D:1      | Found Wuxtien's Jewellery Shoppe.
   195 | D:1      | Reached skill level 1 in Fighting
   230 | D:1      | Reached XP level 2. HP: 16/16 MP: 3/5
   233 | D:1      | Learned a level 2 spell: Searing Ray
   675 | D:1      | Reached XP level 3. HP: 21/21 MP: 3/6
  1028 | D:1      | Reached skill level 5 in Conjurations
  1580 | D:2      | Reached XP level 4. HP: 21/27 MP: 4/7
  1585 | D:2      | Learned a level 4 spell: Iskenderun's Mystic Blast
  1863 | D:2      | Noticed Natasha
  1871 | D:2      | Killed Natasha
  1985 | D:2      | Noticed Natasha
  1991 | D:2      | Killed Natasha
  1992 | D:2      | Reached XP level 5. HP: 24/32 MP: 3/8
  2118 | D:2      | Noticed Robin
  2159 | D:2      | Killed Robin
  2300 | D:2      | Noticed Natasha
  2305 | D:2      | Killed Natasha
  2306 | D:2      | Reached skill level 6 in Conjurations
  3125 | D:4      | Reached XP level 6. HP: 34/38 MP: 9/9
  3474 | D:4      | Reached skill level 7 in Conjurations
  3846 | D:4      | Reached XP level 7. HP: 43/43 MP: 10/10
  3950 | D:4      | Reached skill level 8 in Conjurations
  4326 | D:4      | Noticed Eustachio
  4334 | D:4      | Killed Eustachio
  4403 | D:4      | Reached skill level 9 in Conjurations
  4608 | D:5      | Entered Level 5 of the Dungeon
  4728 | D:5      | Reached skill level 1 in Armour
  4848 | D:5      | Reached skill level 1 in Translocations
  4848 | D:5      | Reached skill level 1 in Evocations
  4848 | D:5      | Reached XP level 8. HP: 48/48 MP: 11/11
  5934 | D:8      | Reached XP level 9. HP: 17/52 MP: 14/14
  6491 | D:9      | Noticed a kobold demonologist
  6563 | D:9      | Noticed an ice devil
  6565 | D:9      | Killed a kobold demonologist
  6566 | D:9      | Reached skill level 5 in Stealth
  6651 | D:9      | Noticed a kobold demonologist
  6655 | D:9      | Noticed an ice devil
  6910 | D:7      | Killed an unseen horror
  7085 | D:7      | Reached skill level 5 in Fighting
  7099 | D:7      | Reached skill level 5 in Spellcasting
  7228 | D:7      | Found a staircase to the Ecumenical Temple.
  7245 | Temple   | Entered the Ecumenical Temple
  7268 | Temple   | Became a worshipper of Vehumet
  7383 | D:7      | Found Feiky's Jewellery Shop.
  7390 | D:7      | Bought a ring of magical power for 240 gold pieces
  7490 | D:7      | Found an iron altar of Okawaru.
  7495 | D:7      | Found a blossoming altar of Fedhas.
  7495 | D:7      | Found an opulent altar of Gozag.
  7506 | D:7      | Found an ancient bone altar of Kikubaaqudgha.
  7509 | D:7      | Found a shadowy altar of Dithmenos.
  7600 | D:7      | Reached skill level 1 in Shields
  7905 | D:6      | Reached skill level 10 in Conjurations
  8520 | D:3      | Found a runed translucent gate.
  8521 | D:3      | Found a runed translucent gate.
  8521 | D:3      | Noticed p0werm0de's ghost (amateur GrFi)
  8522 | D:3      | Found a runed translucent gate.
  8620 | D:3      | Reached XP level 10. HP: 59/59 MP: 17/17
  8857 | D:3      | Found a faded altar of an unknown god.
  9411 | D:9      | Killed a kobold demonologist
  9427 | D:9      | Reached * piety under Vehumet
  9427 | D:9      | Offered knowledge of Freeze by Vehumet.
  9460 | D:9      | Noticed Joseph
  9698 | D:9      | Killed Joseph
  9878 | D:9      | Reached skill level 5 in Shields
 10013 | D:9      | Reached skill level 11 in Conjurations
 10381 | D:9      | Found a staircase to the Lair.
 10885 | D:1      | Bought an amulet of the acrobat for 360 gold pieces
 11065 | D:10     | Entered Level 10 of the Dungeon
 11199 | D:10     | Noticed Erolcha
 11203 | D:10     | Cast into level 2 of the Abyss (Erolcha)
 11216 | D:10     | Escaped the Abyss
 11225 | D:10     | Killed Erolcha
 11419 | D:10     | Noticed Harold
 11431 | D:10     | Reached skill level 12 in Conjurations
 11746 | D:8      | Reached XP level 11. HP: 8/64 MP: 18/18
 11751 | D:8      | Killed from afar by a steam dragon

Illustrated notes

Levels and vault maps discovered:
D:1:      minmay_arrival_jagged, layout_loops_ring, serial_shops, shop
D:2:      layout_loops_ring, minmay_gold_behind_fungi, uniq_natasha, uniq_robin
D:3:      layout_basic, serial_undead, serial_undead_f, serial_undead_d,
          serial_undead_f, serial_undead_d, serial_undead_a, serial_undead_b,
          hellmonk_ecumenical_altar_lost_god, gammafunk_ghost_split,
          serial_park_tiny_1, grunt_ministairs_14
D:4:      layout_gridville, uniq_eustachio
D:5:      layout_rooms
D:6:      layout_rooms, hangedman_abyss_or_decor_stabs
D:7:      layout_basic, minmay_overflow_temple_star_hex,
          minmay_temple_entry_glass, serial_shops, shop, minmay_misc_feat_square
D:8:      layout_loops_ring, zin_statuary, lightli_orcish_oven
D:9:      layout_cave_pools, grunt_lair_entry_orc_guard_hut, uniq_joseph
D:10:     layout_gridville, david_orc_3, special_room [special_room_bee],
          st_stairs_4, chequers_garden, serial_bayou_ford_a, amethyst_killhole,
          uniq_erolcha, uniq_harold
Temple:   eino_temple_scatter_basement

Skill      XL: |  1  2  3  4  5  6  7  8  9 10 |
---------------+-------------------------------+-----
Fighting       | 1 2 3 4 5 |  5.2
Conjurations   | 5 6 7 9 10 12 | 12.0
Armour         | 1 3 |  3.3
Translocations | 1 2 4 |  4.2
Evocations     | 1 2 3 |  3.0
Stealth        | 4 5 |  5.0
Spellcasting   | 3 5 |  5.1
Dodging        | 2 |  2.0
Shields        | 3 7 |  7.0

Action                   |  1- 3 |  4- 6 |  7- 9 | 10-12 || total
-------------------------+-------+-------+-------+-------++-------
Melee: Unarmed           |     1 |       |       |       ||     1
       Mace              |    45 |    22 |       |       ||    67
       Dagger            |       |    16 |     8 |       ||    24
       Trident           |       |       |    18 |    21 ||    39
 Cast: Magic Dart        |    61 |    30 |    87 |    35 ||   213
       Searing Ray       |     1 |    19 |    61 |    37 ||   118
       Iskenderun's Myst |       |       |     6 |     9 ||    15
 Stab: Sleeping          |     2 |       |       |     3 ||     5
Armor: Robe              |    20 |    34 |    57 |    27 ||   138
Dodge: Dodged            |    47 |    78 |    86 |    80 ||   291
Block: Buckler           |       |       |     7 |    39 ||    46
       Reflection        |       |       |       |     4 ||     4

Table legend: (Time is in decaauts)
 A = Elapsed time spent in this place.
 B = Non-inter-level travel time spent in this place.
 C = Inter-level travel time spent in this place.
 D = Time resting spent in this place.
 E = Time spent auto-exploring this place.
 F = Levels seen in this place.
 G = Mean time per level.
                   A        B        C        D        E       F      G
               +--------+--------+--------+--------+--------+-----+--------+
         Total |  11819 |  10881 |    938 |   3006 |   6377 |  12 |  984.9 |
       Dungeon |  11773 |  10850 |    923 |   3006 |   6362 |  10 | 1177.3 |
        Temple |     32 |     17 |     15 |      0 |     15 |   1 |   32.0 |
         Abyss |     12 |     12 |      0 |      0 |      0 |   1 |   12.0 |
               +--------+--------+--------+--------+--------+-----+--------+

Top non-repeatable levels by time:
     D:2: 1675 daAuts
     D:4: 1588 daAuts
     D:1: 1383 daAuts
     D:8: 1328 daAuts
     D:9: 1213 daAuts
     D:7: 1201 daAuts
     D:3: 1072 daAuts
     D:5: 1060 daAuts
     D:6: 862 daAuts
    D:10: 387 daAuts
  Temple: 32 daAuts
 Abyss:2: 12 daAuts
